3A
ALAMEDA AIRMEN @ MT. VERNON BULLS
08/01/2033
 
TOP OF THE 1ST
Alameda Airmen batting - Pitching for Mt. Vernon Bulls : RHP Shawn Coleman
Pitching: RHP Shawn Coleman
Batting: RHB Gang Jing 0-0: Called Strike
0-1: Foul Ball, location: 2F
0-2: Ball
1-2: Fly out, F9 (Flyball, 9)
Batting: RHB Carlo Beedle 0-0: Swinging Strike
0-1: Swinging Strike
0-2: Strikes out swinging
Batting: RHB Carlo Manlulu 0-0: Ball
1-0: Called Strike
1-1: Ground out 6-3 (Groundball, 6)
Top of the 1st over - 0 runs, 0 hits, 0 errors, 0 left on base; Alameda 0 - Mt. Vernon 0
BOTTOM OF THE 1ST
Mt. Vernon Bulls batting - Pitching for Alameda Airmen : RHP Tomás García
Pitching: RHP Tomás García
Batting: RHB Alfonso Torres 0-0: Ball
1-0: SINGLE (Line Drive, 78S)
Batting: RHB Tom Bancroft 0-0: Ball
1-0: Called Strike
1-1: Ball
2-1: Swinging Strike
2-2: Foul Ball, location: 2F
2-2: Ball
3-2: Foul Ball, location: 2F
3-2: Foul Ball, location: 2F
3-2: Fielders Choice at 2nd, 4-6 (Groundball, 34)
Batting: RHB Angeddy Almanzar 0-0: Ball
Wild Pitch!
Tom Bancroft to second
1-0: Called Strike
1-1: Foul Ball, location: 2F
1-2: Foul Ball, location: 2F
1-2: Ball
2-2: Fly out, F7 (Flyball, 78M)
Batting: LHB Rich Watkins 0-0: Ball
1-0: Ball
2-0: Ball
3-0: Base on Balls
Batting: RHB Silverberry Mouhon 0-0: Foul Ball, location: 2F
0-1: Called Strike
0-2: Fielders Choice at 2nd, 6-4 (Groundball, 6)
Bottom of the 1st over - 0 runs, 1 hit, 0 errors, 2 left on base; Alameda 0 - Mt. Vernon 0
TOP OF THE 2ND
Alameda Airmen batting - Pitching for Mt. Vernon Bulls : RHP Shawn Coleman
Batting: RHB Vonne Navarrete 0-0: Fly out, F9 (Flyball, 9)
Batting: RHB Mike Capes 0-0: Foul Ball, location: 2F
0-1: Foul Ball, location: 2F
0-2: Fly out, F4 (Popup, 34S)
Batting: LHB Peter Perrantes 0-0: Called Strike
0-1: Fly out, F8 (Flyball, 8RM)
Top of the 2nd over - 0 runs, 0 hits, 0 errors, 0 left on base; Alameda 0 - Mt. Vernon 0
BOTTOM OF THE 2ND
Mt. Vernon Bulls batting - Pitching for Alameda Airmen : RHP Tomás García
Batting: LHB Tomás Muinos 0-0: Foul Ball, location: 2F
0-1: Fly out, F4 (Line Drive, 4MD)
Batting: SHB Zak Martin 0-0: Foul Ball, location: 2F
0-1: Called Strike
0-2: Foul Ball, location: 2F
0-2: Foul Ball, location: 2F
0-2: Ball
1-2: Foul Ball, location: 2F
1-2: Strikes out swinging
Batting: LHB Lou Downes 0-0: Ball
1-0: Called Strike
1-1: SINGLE (Line Drive, 5S)
Batting: SHB Dong-hua Jianbua 0-0: Ball
1-0: SINGLE (Groundball, 56D)
Lou Downes to second
Batting: RHB Alfonso Torres 0-0: Called Strike
0-1: Called Strike
0-2: Ball
1-2: Fly out, F7 (Line Drive, 7)
Bottom of the 2nd over - 0 runs, 2 hits, 0 errors, 2 left on base; Alameda 0 - Mt. Vernon 0
TOP OF THE 3RD
Alameda Airmen batting - Pitching for Mt. Vernon Bulls : RHP Shawn Coleman
Batting: RHB Jim McMahon 0-0: Ball
1-0: SINGLE (Line Drive, 7S)
Batting: RHB Pablo Pagán 0-0: Called Strike
Jim McMahon is caught stealing 2nd base
0-1: Called Strike
0-2: Ball
1-2: Strikes out swinging
Batting: RHB Lorenzo López 0-0: Called Strike
0-1: Called Strike
0-2: Foul Ball, location: 2F
0-2: Foul Ball, location: 2F
0-2: Ball
1-2: Ball
2-2: Ball
3-2: Foul Ball, location: 2F
3-2: Foul Ball, location: 2F
3-2: Strikes out swinging
Top of the 3rd over - 0 runs, 1 hit, 0 errors, 0 left on base; Alameda 0 - Mt. Vernon 0
BOTTOM OF THE 3RD
Mt. Vernon Bulls batting - Pitching for Alameda Airmen : RHP Tomás García
Batting: RHB Tom Bancroft 0-0: Called Strike
0-1: Ball
1-1: Ball
2-1: Ball
3-1: Called Strike
3-2: Ground out 6-3 (Groundball, 6)
Batting: RHB Angeddy Almanzar 0-0: Ball
1-0: Ball
2-0: Ball
3-0: Called Strike
3-1: Base on Balls
Batting: LHB Rich Watkins 0-0: Called Strike
0-1: Swinging Strike
0-2: Foul Ball, location: 2F
0-2: Foul Ball, location: 2F
0-2: Ball
1-2: DOUBLE (Line Drive, 3D)
Angeddy Almanzar to third
Runner from 3rd tries for Home, SAFE, no throw
Batting: RHB Silverberry Mouhon 0-0: Foul Ball, location: 2F
0-1: Ball
1-1: Called Strike
1-2: SINGLE (Groundball, 56D)
Rich Watkins to third
Runner from 3rd tries for Home, SAFE, no throw
Batting: LHB Tomás Muinos 0-0: Called Strike
0-1: Ball
1-1: Swinging Strike
1-2: Strikes out swinging
Batting: SHB Zak Martin 0-0: Fielders Choice at 2nd, 5-4 (Groundball, 5)
Bottom of the 3rd over - 2 runs, 2 hits, 0 errors, 1 left on base; Alameda 0 - Mt. Vernon 2
TOP OF THE 4TH
Alameda Airmen batting - Pitching for Mt. Vernon Bulls : RHP Shawn Coleman
Batting: RHB Gang Jing 0-0: Ball
1-0: Foul Ball, location: 2F
1-1: Foul Ball, location: 2F
1-2: Fly out, F5 (Popup, 15)
Batting: RHB Carlo Beedle 0-0: Foul Ball, location: 2F
0-1: Foul Ball, location: 2F
0-2: Ball
1-2: Foul Ball, location: 2F
1-2: Foul Ball, location: 2F
1-2: Ball
2-2: Ball
3-2: Strikes out looking
Batting: RHB Carlo Manlulu 0-0: Foul Ball, location: 2F
0-1: Ball
1-1: Foul Ball, location: 2F
1-2: Ground out 4-3 (Groundball, 4S)
Top of the 4th over - 0 runs, 0 hits, 0 errors, 0 left on base; Alameda 0 - Mt. Vernon 2
BOTTOM OF THE 4TH
Mt. Vernon Bulls batting - Pitching for Alameda Airmen : RHP Tomás García
Batting: LHB Lou Downes 0-0: Fly out, F7 (Flyball, 78D)
Batting: SHB Dong-hua Jianbua 0-0: Ball
1-0: Ball
2-0: SINGLE (Line Drive, 4)
Batting: RHB Alfonso Torres 0-0: Called Strike
0-1: Ball
1-1: SINGLE (Line Drive, 8LS)
Dong-hua Jianbua to second
Batting: RHB Tom Bancroft 0-0: Swinging Strike
0-1: Ball
1-1: Ball
Wild Pitch!
Dong-hua Jianbua to third
Alfonso Torres to second
2-1: Ball
3-1: Called Strike
3-2: Strikes out looking
Batting: RHB Angeddy Almanzar 0-0: Ball
1-0: Called Strike
1-1: Ball
2-1: Ball
3-1: Base on Balls
Batting: LHB Rich Watkins 0-0: Ball
1-0: Foul Ball, location: 2F
1-1: SINGLE (Flyball, 8RS)
Dong-hua Jianbua scores
Alfonso Torres to third
Angeddy Almanzar to second
Runner from 3rd tries for Home, SAFE, throw made home
Batting: RHB Silverberry Mouhon 0-0: Ball
1-0: Ball
2-0: DOUBLE (Line Drive, 7LS)
Angeddy Almanzar scores
Rich Watkins to third
Runner from 3rd tries for Home, SAFE, no throw
Pitching: LHP Santiago Rivera
Batting: LHB Tomás Muinos 0-0: Called Strike
0-1: Ground out 1-3 (Groundball, 13)
Bottom of the 4th over - 4 runs, 4 hits, 0 errors, 1 left on base; Alameda 0 - Mt. Vernon 6
TOP OF THE 5TH
Alameda Airmen batting - Pitching for Mt. Vernon Bulls : RHP Shawn Coleman
Batting: RHB Vonne Navarrete 0-0: Ball
1-0: Called Strike
1-1: Called Strike
1-2: Ball
2-2: Strikes out swinging
Batting: RHB Mike Capes 0-0: SOLO HOME RUN (Flyball, 7LD), Distance : 345 ft
Batting: LHB Peter Perrantes 0-0: Ground out U3 (Groundball, 3L)
Batting: RHB Jim McMahon 0-0: Swinging Strike
0-1: Foul Ball, location: 2F
0-2: Strikes out looking
Top of the 5th over - 1 run, 1 hit, 0 errors, 0 left on base; Alameda 1 - Mt. Vernon 6
BOTTOM OF THE 5TH
Mt. Vernon Bulls batting - Pitching for Alameda Airmen : LHP Santiago Rivera
Batting: SHB Zak Martin 0-0: Foul Ball, location: 2F
0-1: Ball
1-1: Foul Ball, location: 2F
1-2: Ground out 6-3 (Groundball, 6S)
Batting: LHB Lou Downes 0-0: SINGLE (Flyball, 78S)
Batting: SHB Dong-hua Jianbua 0-0: Ball
1-0: Ball
2-0: Ball
3-0: Called Strike
3-1: Base on Balls
Lou Downes to second
Batting: RHB Alfonso Torres 0-0: Ball
1-0: Ground out 3-1 (Groundball, 34S)
Lou Downes to third
Dong-hua Jianbua to second
Batting: RHB Tom Bancroft 0-0: Ball
1-0: Foul Ball, location: 2F
1-1: Swinging Strike
1-2: Fly out, F8 (Flyball, 78D)
Bottom of the 5th over - 0 runs, 1 hit, 0 errors, 2 left on base; Alameda 1 - Mt. Vernon 6
TOP OF THE 6TH
Alameda Airmen batting - Pitching for Mt. Vernon Bulls : RHP Shawn Coleman
Batting: RHB Pablo Pagán 0-0: Ball
1-0: Called Strike
1-1: Ball
2-1: Ball
3-1: Base on Balls
Batting: RHB Lorenzo López 0-0: Ball
1-0: Ball
2-0: Called Strike
2-1: Ball
3-1: Base on Balls
Pablo Pagán to second
Batting: RHB Gang Jing 0-0: Ball
1-0: Called Strike
1-1: Ball
2-1: Ball
3-1: Swinging Strike
3-2: Base on Balls
Pablo Pagán to third
Lorenzo López to second
Batting: RHB Carlo Beedle 0-0: Foul Ball, location: 2F
0-1: Called Strike
0-2: Ball
1-2: Ball
2-2: Ball
3-2: Ground out 5-3 (Groundball, 56S)
Pablo Pagán scores
Lorenzo López to third
Gang Jing to second
Batting: RHB Carlo Manlulu 0-0: Called Strike
0-1: Ball
1-1: Swinging Strike
1-2: Strikes out looking
Batting: RHB Vonne Navarrete 0-0: Fly out, F8 (Flyball, 8LM)
Top of the 6th over - 1 run, 0 hits, 0 errors, 2 left on base; Alameda 2 - Mt. Vernon 6
BOTTOM OF THE 6TH
Mt. Vernon Bulls batting - Pitching for Alameda Airmen : LHP Santiago Rivera
Batting: RHB Angeddy Almanzar 0-0: Foul Ball, location: 2F
0-1: Foul Ball, location: 2F
0-2: Fly out, F7 (Flyball, 7LMF)
Batting: LHB Rich Watkins 0-0: Ball
1-0: Ball
2-0: Ground out 4-3 (Groundball, 4S)
Batting: RHB Silverberry Mouhon 0-0: Ball
1-0: SOLO HOME RUN (Flyball, 7LD), Distance : 363 ft
Batting: LHB Tomás Muinos 0-0: Ball
1-0: SINGLE (Line Drive, 8LS)
Batting: SHB Zak Martin 0-0: Foul Ball, location: 2F
0-1: Fielders Choice at 2nd, 6-4 (Groundball, 6)
Bottom of the 6th over - 1 run, 2 hits, 0 errors, 1 left on base; Alameda 2 - Mt. Vernon 7
TOP OF THE 7TH
Alameda Airmen batting - Pitching for Mt. Vernon Bulls : RHP Shawn Coleman
Now at C: Modesto González
Batting: RHB Mike Capes 0-0: Called Strike
0-1: Ball
1-1: Ball
2-1: Ball
3-1: Fly out, F6 (Flyball, 56D)
Batting: LHB Peter Perrantes 0-0: Hit by Pitch
Batting: RHB Jim McMahon 0-0: Called Strike
0-1: Ball
1-1: TRIPLE (Line Drive, 8RXD)
Peter Perrantes scores
Batting: RHB Pablo Pagán 0-0: Called Strike
0-1: Fly out, F9 (Flyball, 9)
Runner from 3rd tags up, SCORES, no throw
Batting: RHB Lorenzo López 0-0: Foul Ball, location: 2F
0-1: Foul Ball, location: 2F
0-2: Ball
1-2: Foul Ball, location: 2F
1-2: Ground out 5-3 (Groundball, 56S)
Top of the 7th over - 2 runs, 1 hit, 0 errors, 0 left on base; Alameda 4 - Mt. Vernon 7
BOTTOM OF THE 7TH
Mt. Vernon Bulls batting - Pitching for Alameda Airmen : LHP Santiago Rivera
Batting: LHB Lou Downes 0-0: Foul Ball, location: 2F
0-1: Swinging Strike
0-2: Foul Ball, location: 2F
0-2: Strikes out looking
Batting: SHB Dong-hua Jianbua 0-0: Ball
1-0: Fly out, F8 (Flyball, 8LM)
Batting: RHB Alfonso Torres 0-0: Ball
1-0: SINGLE (Flyball, 7LS)
Batting: RHB Tom Bancroft 0-0: Ball
Alfonso Torres is caught stealing 2nd base
Bottom of the 7th over - 0 runs, 1 hit, 0 errors, 0 left on base; Alameda 4 - Mt. Vernon 7
TOP OF THE 8TH
Alameda Airmen batting - Pitching for Mt. Vernon Bulls : RHP Shawn Coleman
Batting: RHB Gang Jing 0-0: Ball
1-0: Ground out 4-3 (Groundball, 4)
Batting: RHB Carlo Beedle 0-0: Called Strike
0-1: Ball
1-1: Foul Ball, location: 2F
1-2: Ball
2-2: Foul Ball, location: 2F
2-2: Strikes out looking
Batting: RHB Carlo Manlulu 0-0: Swinging Strike
0-1: Fly out, F9 (Flyball, 9)
Top of the 8th over - 0 runs, 0 hits, 0 errors, 0 left on base; Alameda 4 - Mt. Vernon 7
BOTTOM OF THE 8TH
Mt. Vernon Bulls batting - Pitching for Alameda Airmen : LHP Santiago Rivera
Batting: RHB Tom Bancroft 0-0: Called Strike
0-1: Ball
1-1: Ball
2-1: Ball
3-1: Foul Ball, location: 2F
3-2: Foul Ball, location: 2F
3-2: Ground out 5-3 (Groundball, 56S)
Batting: RHB Angeddy Almanzar 0-0: Called Strike
0-1: Swinging Strike
0-2: Strikes out swinging
Batting: LHB Rich Watkins 0-0: Ball
1-0: Swinging Strike
1-1: Foul Ball, location: 2F
1-2: SINGLE (Groundball, 4MD)
Pitching: RHP Reid Myers
Batting: RHB Silverberry Mouhon 0-0: Called Strike
0-1: Ball
1-1: Ball
2-1: Ball
3-1: Called Strike
3-2: Foul Ball, location: 2F
3-2: SINGLE (Flyball, 9LS)
Rich Watkins to second
Rich Watkins to third
Batting: LHB Tomás Muinos 0-0: Called Strike
0-1: DOUBLE (Flyball, 78XD)
Rich Watkins scores
Silverberry Mouhon to third
Runner from 3rd tries for Home, SAFE, no throw
Batting: RHB Modesto González 0-0: Ball
1-0: Called Strike
1-1: Foul Ball, location: 2F
1-2: Foul Ball, location: 2F
1-2: Strikes out swinging
Bottom of the 8th over - 2 runs, 3 hits, 0 errors, 1 left on base; Alameda 4 - Mt. Vernon 9
TOP OF THE 9TH
Alameda Airmen batting - Pitching for Mt. Vernon Bulls : RHP Shawn Coleman
Now in LF: Kamakakoa Kaponianani
Batting: RHB Vonne Navarrete 0-0: Fly out, F8 (Flyball, 8RM)
Batting: RHB Mike Capes 0-0: Ball
1-0: Ball
2-0: Called Strike
2-1: Ball
3-1: Base on Balls
Pitching: RHP Ken Peterson
Batting: LHB Peter Perrantes 0-0: Grounds into double play, 5-4-3 (Groundball, 5L)
Top of the 9th over - 0 runs, 0 hits, 0 errors, 0 left on base; Alameda 4 - Mt. Vernon 9
Saturday, December 22nd, 2018 - OOTP Baseball 18.8 Build 76